 Dungeon Crawl Stone Soup version 0.20.1 (webtiles) character file.

77 vishdafish the Shield-Bearer (level 4, -10/35 HPs)
             Began as a Formicid Fighter on July 2, 2017.
             Killed from afar by Ijyb (11 damage)
             ... with a wand of flame (?/48)
             ... on level 2 of the Dungeon.
             The game lasted 00:02:23 (1504 turns).

vishdafish the Shield-Bearer (Formicid Fighter)     Turns: 1504, Time: 00:02:23

Health: -10/35     AC:  6    Str: 21    XL:     4   Next: 58%
Magic:  4/4        EV: 13    Int:  8    God:
Gold:   93         SH: 13    Dex: 15    Spells: 3/3 levels left

rFire    . . .     SeeInvis +   a - +0 war axe
rCold    . . .     Gourm    .   c - +0 shield
rNeg     . . .     Faith    .   b - +0 scale mail
rPois    .         Spirit   .   (helmet unavailable)
rElec    .         Reflect  +   (no cloak)
rCorr    .         Harm     .   (no gloves)
MR       .....                  (no boots)
Stlth    +.........             e - +3 amulet of reflection (curse)
Regen    0.2/turn               (no ring)
MPRegen  0.1/turn               (no ring)

@: agile
A: permanent stasis, dig shafts and tunnels, four strong arms, antennae 3
a: Dig, Shaft Self


You were on level 2 of the Dungeon.
You were very hungry.

You visited 1 branch of the dungeon, and saw 3 of its levels.

You collected 93 gold pieces.

Inventory:

Hand Weapons
 a - a +0 war axe (weapon)
Armour
 b - a +0 scale mail (worn)
 c - a +0 shield (worn)
Jewellery
 e - a cursed +3 amulet of reflection (around neck)
Scrolls
 o - a scroll of fog {unknown}
 p - 2 scrolls of identify {unknown}
 q - 3 scrolls of random uselessness {unknown}
 r - a scroll of remove curse {unknown}
 t - a scroll of teleportation {unknown}
Potions
 d - 3 potions of might
 i - a potion of mutation {unknown}
 j - a potion of resistance
 l - a potion of heal wounds {unknown}
 n - 2 potions of haste
 s - a potion of brilliance {unknown}
 u - a potion of flight
Books
 v - Sif Muna's Almanac of Calling
   (You found it on level 2 of the Dungeon)

   Spells                             Type                      Level
   a - Summon Small Mammal            Summoning                    1
Comestibles
 f - 2 bread rations
 k - 6 fruits
 m - a meat ration


   Skills:
 + Level 3.5 Fighting
 + Level 3.1 Axes
 + Level 3.6 Armour
 + Level 0.3 Dodging
 + Level 0.3 Stealth
 + Level 4.5 Shields


You had 3 spell levels left.
You didn't know any spells.

Dungeon Overview and Level Annotations

Branches:
Dungeon (3/15)

Altars:
Kikubaaqudgha
Sif Muna
Vehumet

Annotations:
D:2 Ijyb


Innate Abilities, Weirdness & Mutations

You cannot be hasted, slowed, berserked, paralysed or teleported.
You can dig through walls and to a lower floor.
Your four strong arms can wield two-handed weapons with a shield.
You have a pair of large antennae on your head. (SInv)


Message History

Ijyb hits you with an enchanted club.
* * * LOW HITPOINT WARNING * * *
It was a potion of haste.
Your stasis prevents you from being hasted.
You block Ijyb's attack.
You barely miss Ijyb.
Ijyb is severely wounded.
You block Ijyb's attack.
It was a potion of flight.
You feel very buoyant.
You fly up into the air.
You block Ijyb's attack.
It was a potion of cancellation.
Your magical effects are unravelling.
You feel magically purged.
You float gracefully downwards.
Your resistance to elements expires.
You block Ijyb's attack.
It was a potion of agility.
You feel agile all of a sudden.
Ijyb zaps a wand.
The puff of flame hits you!
You die...

.# #.....# ###.### #.######## .#
##...## #.# #......... .# ##.##
#.# ########## .######.# #.##
##### ........# #..## ##.†..
.######.#########.#.## ##..#..
.######........#.###.## #..###.
.............#.)## ##.# #...#..
#######.####.###@###..#####......
#.# #.# ##g#.......#..#.## #.#
#.#####o.............. #.#
#......[..........#.#. #.#
#######.###########.#. #.# #.#
#.#. #.# #.# #####.#.
#.##########.#######..)....
#....................###...


You could see Ijyb and an orc.

Vanquished Creatures
  An adder (D:2)
  4 worms (D:2)
  3 dart slugs
  A leopard gecko (D:1)
  7 orcs (D:2)
  A giant cockroach (D:2)
  2 hobgoblins
  2 jackals (D:1)
  6 bats
  3 frilled lizards
  4 goblins
  5 kobolds
  8 rats
47 creatures vanquished.

Notes
Turn   | Place    | Note
-------+----------+-------------------------------------------
     0 | D:1      | vishdafish the Formicid Fighter began the quest for the Orb.
     0 | D:1      | Reached XP level 1. HP: 18/18 MP: 1/1
    50 | D:1      | Reached XP level 2. HP: 13/24 MP: 2/2
    53 | D:1      | Reached skill level 4 in Shields
   609 | D:2      | Reached XP level 3. HP: 28/29 MP: 3/3
  1238 | D:2      | Reached XP level 4. HP: 23/35 MP: 4/4
  1276 | D:2      | Found an ancient bone altar of Kikubaaqudgha.
  1280 | D:2      | Found a deep blue altar of Sif Muna.
  1282 | D:2      | Found a radiant altar of Vehumet.
  1286 | D:2      | Identified Sif Muna's Almanac of Calling
  1419 | D:3      | Noticed Ijyb
  1499 | D:2      | HP: 1/35 [Ijyb/enchanted club (1)]
  1504 | D:2      | Killed from afar by Ijyb

Skill      XL: |  1  2  3  4 |
---------------+-------------+-----
Shields        | 4 |  4.5
Axes           | 3 |  3.1
Fighting       | |  3.5
Armour         | |  3.6
Dodging        | |  0.3
Stealth        | |  0.3

Action                   |  1- 3 |  4- 6 || total
-------------------------+-------+-------++-------
Melee: War axe           |   123 |    24 ||   147
  Use: Potion            |       |     5 ||     5
  Eat: Chunk             |     1 |       ||     1
Armor: Scale mail        |    52 |    10 ||    62
Dodge: Dodged            |    34 |    14 ||    48
Block: Shield            |   119 |    32 ||   151
       Reflection        |     4 |     2 ||     6
